 Dungeon Sprint DCSS version 0.31-a0-868-g674d60d6f7 (webtiles) character file.

Game seed: 11248099031271314249

249 rocky1 the Nimble (level 6, 0/48 HPs)
             Began as a Djinni Gladiator on Oct 12, 2023.
             Killed by nerve-wracking pain
             ... invoked by Menkaure
              (8 damage)
             ... in the Dungeon (Sprint II: "The Violet Keep of Menkaure").
             The game lasted 00:00:28 (37 turns).

rocky1 the Nimble (Djinni Gladiator)                  Turns: 37, Time: 00:00:28

Health: 0/48       AC:  4    Str: 13    XL:     6   Next: 35%
Gold:   243        EV: 16    Int:  9    God:
                   SH:  0    Dex: 17

rFire   + + .        a - +0 long sword
rCold   x . .        (no shield)
rNeg    . . .        b - +0 leather armour
rPois   ∞            c - +0 helmet
rElec   .            (no cloak)
rCorr   .            (no gloves)
SInv    .            (boots unavailable)
Will    .....        (no amulet)
Stlth   +            (no ring)
HPRegen 0.28/turn    (no ring)
MPRegen 0.00/turn

%: no teleportation, infuse magic (-1 HP)
@: on berserk cooldown, flying, slowed, very slow
A: sickness immunity, fire resistance 2, cold vulnerability 1, float, innate
caster, HP casting, extra vitality 1
a: no special abilities


You were in the Dungeon.
You visited 1 branch You collected 243 gold pieces.

Inventory:

Hand Weapons
 a - a +0 long sword (weapon)
Missiles
 d - 3 throwing nets (quivered)
 e - a javelin
Armour
 b - a +0 leather armour (worn)
 c - a +0 helmet (worn)
Scrolls
 j - a scroll of blinking
Potions
 f - a potion of curing
 g - a potion of heal wounds
 h - a potion of haste


   Skills:
 + Level 4.5 Fighting
 + Level 8.0 Long Blades
 + Level 3.2 Throwing
 + Level 1.1 Armour
 + Level 8.3 Dodging


You knew the following spells:

 Your Spells              Type           Power      Damage    Failure   Level
a - Summon Small Mammal   Summ           0%         N/A       45%         1
b - Lesser Beckoning      Tloc           0%         N/A       61%         2
Your spell library was empty.

Dungeon Overview and Level Annotations

Branches:
Dungeon (1/1)

Altars:

Annotations:
D exclusion: ice statue, Menkaure


Innate Abilities, Weirdness & Mutations

You are immune to sickness and miasma.
You are immune to poison.
Your flesh is very heat resistant. (rF++)
You are vulnerable to cold. (rC-)
You float through the air rather than walking.
You learn spells naturally, not from books.
Your magical power is your life essence.
You have superior vitality. (+4 MHP)


Message History

The necrophage is severely damaged.
The necrophage misses you.
You slash the necrophage!
You destroy the necrophage!
Your Long Blades skill increases to level 8!
Your Armour skill increases to level 1!
Your Dodging skill increases to level 8!
You have reached level 6!
You now have 243 gold pieces.
You see here a necrophage corpse.
You reach down and open the door.
Marking area around an ice statue as unsafe for travelling.
Menkaure, Prince of Dust comes into view.
Menkaure shouts!
There is an open door here.
Menkaure calls on the powers of darkness!
Your body is wracked with pain!
Unknown command.
You barely miss Menkaure.
Menkaure is heavily damaged.
You hit Menkaure.
Menkaure is severely damaged.
Menkaure calls on the powers of darkness!
Your body is wracked with pain!
* * * LOW HITPOINT WARNING * * *
Menkaure calls on the powers of darkness!
Your body is wracked with pain!
* * * LOW HITPOINT WARNING * * *
You hit Menkaure but do no damage. You punch Menkaure, but do no damage.
Menkaure is severely damaged.
Menkaure hits you but does no damage.
You slash Menkaure!
Menkaure is almost destroyed.
Menkaure splashes around in the water.
A water moccasin comes into view.
You barely miss Menkaure.
Menkaure is almost destroyed.
Menkaure casts a spell at you. Pain shoots through your body!
You die...

##.## +.<.+ .#
##.## .§§ ##†##
#... ##..†##
#~~.§
#..#..#~~~~~~
##.#.##~~~S~~
#~~##'##~~~≈§§~
#~~~~~@M~~§§≈≈
#+++#+++#~§§§§
.... ≈≈# .....○
# +.°...8..
##.......
##°...... ####+


You could see a water moccasin (wandering) and Menkaure.

Vanquished Creatures
  4 necrophages (D)
4 creatures vanquished.

Notes
Turn   | Place    | Note
-------+----------+-------------------------------------------
     0 | D        | rocky1 the Djinni Gladiator began the quest for the Orb.
     0 | D        | Reached XP level 1. HP: 18/18 MP: 0/0
     1 | D        | Noticed a necrophage
     1 | D        | Noticed a necrophage
     1 | D        | Noticed a necrophage
     1 | D        | Noticed a necrophage
     7 | D        | Killed a necrophage
     8 | D        | Reached skill level 5 in Long Blades
     8 | D        | Reached skill level 5 in Dodging
     8 | D        | Reached XP level 2. HP: 25/25 MP: 0/0
     8 | D        | Reached XP level 3. HP: 30/30 MP: 0/0
     8 | D        | Learned a level 1 spell: Summon Small Mammal
     8 | D        | Reached XP level 4. HP: 35/35 MP: 0/0
    12 | D        | Killed a necrophage
    13 | D        | Reached XP level 5. HP: 40/40 MP: 0/0
    13 | D        | Learned a level 2 spell: Lesser Beckoning
    24 | D        | Reached skill level 1 in Armour
    24 | D        | Reached XP level 6. HP: 35/48 MP: 0/0
    29 | D        | Noticed an ice statue
    30 | D        | Noticed Menkaure
    36 | D        | Noticed a water moccasin
    37 | D        | Killed from afar by Menkaure

Illustrated notes

Levels and vault maps discovered:
D:        the_violet_keep_of_menkaure [sprint2_stairs_cluster_1,
          sprint2_shoproom, sprint2_temple, sprint2_basic_supplies,
          sprint2_obstacle_2, sprint2_obstacle_4, sprint2_obstacle_6,
          sprint2_obstacle_5, sprint2_obstacle_1, sprint2_timed_cluster_1,
          sprint2_smallroom_cluster_1, sprint2_smallroom_final_cluster_1,
          sprint2_transparent_cluster_1, sprint2_second_timed_cluster_1,
          sprint2_sniper_area_1, sprint2_heavy_combat_area_1,
          sprint2_mutation_trap_area_1, sprint2_forest_area_1,
          sprint2_light_combat_area_1, sprint2_behind_water_1,
          sprint2_near_end_vault_1]

Skill      XL: |  1  2  3  4  5 |
---------------+----------------+-----
Fighting       | 3 4 |  4.5
Long Blades    | 5 6 8 |  8.0
Throwing       | 2 3 |  3.2
Dodging        | 5 6 8 |  8.3
Armour         | 1 |  1.1

Action                     |  1- 3 |  4- 6 || total
---------------------------+-------+-------++-------
  Melee: Long sword        |     5 |    20 ||    25
         Punch             |       |     1 ||     1
    Use: Potion            |     1 |       ||     1
 Armour: Leather armour    |     1 |     6 ||     7
  Dodge: Dodged            |     2 |    12 ||    14

Table legend: (Time is in decaauts)
 A = Elapsed time spent in this place.
 B = Non-inter-level travel time spent in this place.
 C = Inter-level travel time spent in this place.
 D = Time resting spent in this place.
 E = Time spent auto-exploring this place.
 F = Levels seen in this place.
 G = Mean time per level.
                   A        B        C        D        E       F      G
               +--------+--------+--------+--------+--------+-----+--------+
         Total |     42 |     42 |      0 |      0 |      0 |   1 |   42.0 |
       Dungeon |     42 |     42 |      0 |      0 |      0 |   1 |   42.0 |
               +--------+--------+--------+--------+--------+-----+--------+

Top non-repeatable levels by time:
       D: 42 daAuts
